MLB
TORONTO BLUE JAYS @ KANSAS CITY ROYALS
08/19/2098
 
TOP OF THE 1ST
Toronto Blue Jays batting - Pitching for Kansas City Royals : RHP Craig Abling
Pitching: RHP Craig Abling
Batting: LHB Collin Coleman 0-0: Ball
1-0: Called Strike
1-1: Foul Ball, location: 2F
1-2: Ball
2-2: Foul Ball, location: 9LMF
2-2: Ball
3-2: Strikes out swinging
Batting: RHB Greg Whitaker 0-0: Foul Ball, location: 3SF
0-1: Ball
1-1: Ball
2-1: Foul Ball, location: 2F
2-2: Ground out 6-3 (Groundball, 6, EV 85.6 MPH)
Batting: LHB John Slaff 0-0: Called Strike
0-1: Ground out 6-3 (Groundball, 6M, EV 77.5 MPH)
Top of the 1st over - 0 runs, 0 hits, 0 errors, 0 left on base; Toronto 0 - Kansas City 0
BOTTOM OF THE 1ST
Kansas City Royals batting - Pitching for Toronto Blue Jays : LHP Greg Earle
Pitching: LHP Greg Earle
Batting: RHB Maurice Groen 0-0: Called Strike
0-1: DOUBLE (Line Drive, 89M, EV 86.9 MPH)
Pinch Runner at 2nd Danny Bonilla:
Batting: RHB Kevin Stark 0-0: Foul Ball, location: 2F
0-1: SINGLE (Flyball, 78S, EV 93.1 MPH)
Danny Bonilla to third
Batting: RHB Blake Linden 0-0: Called Strike
0-1: Ball
1-1: SINGLE (Flyball, 9S, EV 95.0 MPH)
Danny Bonilla scores
Kevin Stark to second
Batting: RHB Travis Bernsen 0-0: Foul Ball, location: 2F
0-1: Ball
1-1: Called Strike
1-2: Strikes out swinging
Batting: RHB Alex Rios 0-0: Ball
1-0: Called Strike
1-1: SINGLE (Line Drive, 8RS, EV 94.4 MPH)
Kevin Stark to third
Blake Linden to second
Runner from 3rd tries for Home, SAFE, throw by CF to home
Batting: RHB David Bazley 0-0: Foul Ball, location: 2LF
0-1: Swinging Strike
0-2: Ball
1-2: Foul Ball, location: 5F
1-2: Strikes out swinging
Batting: RHB Tim Kingsley 0-0: Fly out, F8 (Flyball, 8RD, EV 105.6 MPH)
Bottom of the 1st over - 2 runs, 4 hits, 0 errors, 2 left on base; Toronto 0 - Kansas City 2
TOP OF THE 2ND
Toronto Blue Jays batting - Pitching for Kansas City Royals : RHP Craig Abling
Now at 2B: Danny Bonilla
Batting: SHB Dennis Desper 0-0: Ground out 6-3 (Groundball, 6, EV 102.5 MPH)
Batting: LHB Ramon Anguiano 0-0: Ball
1-0: Called Strike
1-1: Ball
2-1: Ball
3-1: Ground out 4-3 (Groundball, 34D, EV 85.6 MPH)
Batting: LHB Ryan Ricks 0-0: SINGLE (Groundball, 34D, EV 98.1 MPH)
Batting: RHB Brian Jones 0-0: Ground out 1-3 (Groundball, 15S, EV 70.0 MPH)
Top of the 2nd over - 0 runs, 1 hit, 0 errors, 1 left on base; Toronto 0 - Kansas City 2
BOTTOM OF THE 2ND
Kansas City Royals batting - Pitching for Toronto Blue Jays : LHP Greg Earle
Batting: RHB Kyle Mellecker 0-0: Called Strike
0-1: Ball
1-1: Bunted foul
1-2: Ball
2-2: Ball
3-2: Base on Balls
Batting: RHB Jacob Huckaby 0-0: Fly out, F8 (Line Drive, 89M, EV 91.9 MPH)
Batting: LHB Danny Bonilla 0-0: Ball
1-0: Ball
2-0: SINGLE (Groundball, 6S, EV 63.1 MPH) (infield hit)
Kyle Mellecker to second
Batting: RHB Kevin Stark 0-0: Called Strike
0-1: SINGLE (Line Drive, 8LS, EV 97.5 MPH)
Kyle Mellecker to third
Danny Bonilla to second
Runner from 3rd tries for Home, SAFE, throw by CF to home
Batting: RHB Blake Linden 0-0: Ball
1-0: Ball
2-0: Ball
3-0: Called Strike
3-1: Called Strike
3-2: Foul Ball, location: 2F
3-2: Foul Ball, location: 3DF
3-2: Strikes out looking
Batting: RHB Travis Bernsen 0-0: Ball
1-0: Swinging Strike
1-1: Fielders Choice at 2nd, 6-4 (Groundball, 6, EV 87.5 MPH)
Bottom of the 2nd over - 1 run, 2 hits, 0 errors, 2 left on base; Toronto 0 - Kansas City 3
TOP OF THE 3RD
Toronto Blue Jays batting - Pitching for Kansas City Royals : RHP Craig Abling
Batting: SHB Mark Spalding 0-0: Swinging Strike
0-1: Ball
1-1: Called Strike
1-2: Strikes out looking
Batting: SHB Alex Carrillo 0-0: Ball
1-0: Ball
2-0: Ball
3-0: Called Strike
3-1: SINGLE (Line Drive, 5D, EV 99.4 MPH)
Batting: LHB Collin Coleman 0-0: Foul Ball, location: 3FF
0-1: Ball
1-1: Ball
2-1: SINGLE (Groundball, 6MD, EV 93.8 MPH)
Alex Carrillo to second
Batting: RHB Greg Whitaker 0-0: Swinging Strike
0-1: SINGLE (Groundball, 6MD, EV 102.5 MPH)
Alex Carrillo to third
Collin Coleman to second
Batting: LHB John Slaff 0-0: Ball
1-0: Foul Ball, location: 2F
1-1: Swinging Strike
1-2: Grounds into double play, 3-2-3 (Groundball, 34, EV 110.0 MPH)
Top of the 3rd over - 0 runs, 3 hits, 0 errors, 2 left on base; Toronto 0 - Kansas City 3
BOTTOM OF THE 3RD
Kansas City Royals batting - Pitching for Toronto Blue Jays : LHP Greg Earle
Batting: RHB Alex Rios 0-0: Ball
1-0: Ball
2-0: Ball
3-0: Base on Balls
Batting: RHB David Bazley 0-0: Ball
1-0: Called Strike
1-1: Swinging Strike
1-2: Grounds into double play, 4-6-3 (Groundball, 4, EV 83.1 MPH)
Batting: RHB Tim Kingsley 0-0: Foul Ball, location: 2F
0-1: Ground out U3 (Groundball, 34, EV 104.4 MPH)
Bottom of the 3rd over - 0 runs, 0 hits, 0 errors, 0 left on base; Toronto 0 - Kansas City 3
TOP OF THE 4TH
Toronto Blue Jays batting - Pitching for Kansas City Royals : RHP Craig Abling
Batting: SHB Dennis Desper 0-0: Ball
1-0: Swinging Strike
1-1: Ball
2-1: Hit by Pitch
Batting: LHB Ramon Anguiano 0-0: Ball
1-0: Swinging Strike
1-1: Foul Ball, location: 2F
1-2: Foul Ball, location: 2F
1-2: Grounds into double play, 1-6-3 (Groundball, 13S, EV 62.5 MPH)
Batting: LHB Ryan Ricks 0-0: Ball
1-0: Called Strike
1-1: Ball
2-1: Ball
3-1: SINGLE (Line Drive, 56, EV 98.8 MPH)
Batting: RHB Brian Jones 0-0: Called Strike
0-1: Fly out, F5 (Popup, 5S, EV 87.5 MPH)
Top of the 4th over - 0 runs, 1 hit, 0 errors, 1 left on base; Toronto 0 - Kansas City 3
BOTTOM OF THE 4TH
Kansas City Royals batting - Pitching for Toronto Blue Jays : LHP Greg Earle
Batting: RHB Kyle Mellecker 0-0: Ball
1-0: Called Strike
1-1: SINGLE (Line Drive, 8RS, EV 110.0 MPH)
Batting: RHB Jacob Huckaby 0-0: 2-RUN HOME RUN (Flyball, 89XD, EV 106.3 MPH), Distance : 396 ft
Pitching: RHP Bryan Bassett
Batting: LHB Danny Bonilla 0-0: Ball
1-0: Ground out 4-3 (Groundball, 4, EV 84.4 MPH)
Batting: RHB Kevin Stark 0-0: Called Strike
0-1: Swinging Strike
0-2: Ball
1-2: Ball
2-2: Ball
3-2: Strikes out looking
Batting: RHB Blake Linden 0-0: Called Strike
0-1: Swinging Strike
0-2: Strikes out swinging
Bottom of the 4th over - 2 runs, 2 hits, 0 errors, 0 left on base; Toronto 0 - Kansas City 5
TOP OF THE 5TH
Toronto Blue Jays batting - Pitching for Kansas City Royals : RHP Craig Abling
Batting: SHB Mark Spalding 0-0: Ball
1-0: Foul Ball, location: 2F
1-1: Ball
2-1: Ball
3-1: SINGLE (Groundball, 15S, EV 71.9 MPH) (infield hit)
Batting: SHB Alex Carrillo 0-0: Ball
1-0: Called Strike
1-1: Called Strike
1-2: Strikes out swinging
Batting: LHB Collin Coleman 0-0: Called Strike
0-1: Foul Ball, location: 5F
0-2: Ball
1-2: Ground out 4-3 (Groundball, 34S, EV 88.1 MPH)
Mark Spalding to second
Batting: RHB Greg Whitaker 0-0: Ball
1-0: Ball
2-0: Ground out 5-3 (Groundball, 56, EV 104.4 MPH)
Top of the 5th over - 0 runs, 1 hit, 0 errors, 1 left on base; Toronto 0 - Kansas City 5
BOTTOM OF THE 5TH
Kansas City Royals batting - Pitching for Toronto Blue Jays : RHP Bryan Bassett
Pinch Hitting: LHB Mike Andreas 0-0: Foul Ball, location: 5DF
0-1: Ball
1-1: SINGLE (Flyball, 7, EV 84.4 MPH)
Batting: RHB Alex Rios 0-0: Ball
1-0: Ball
2-0: Swinging Strike
2-1: Called Strike
2-2: Strikes out swinging
Batting: RHB David Bazley 0-0: SINGLE (Line Drive, 9S, EV 105.0 MPH)
Mike Andreas to second
Batting: RHB Tim Kingsley 0-0: Foul Ball, location: 9LMF
0-1: Ball
1-1: DOUBLE (Line Drive, 7LM, EV 111.3 MPH)
Mike Andreas scores
David Bazley to third
Pitching: RHP Ivan Juarez
Batting: RHB Kyle Mellecker 0-0: Ball
1-0: Ball
2-0: Ball
3-0: Called Strike
3-1: 3-RUN HOME RUN (Flyball, 78XD, EV 100.6 MPH), Distance : 411 ft
Batting: RHB Jacob Huckaby 0-0: Called Strike
0-1: SOLO HOME RUN (Flyball, 7D, EV 101.9 MPH), Distance : 388 ft
Batting: LHB Danny Bonilla 0-0: Fly out, F9 (Flyball, 9S, EV 73.8 MPH)
Batting: RHB Kevin Stark 0-0: Called Strike
0-1: Foul Ball, location: 25F
0-2: SINGLE (Line Drive, 9S, EV 108.8 MPH)
Batting: RHB Blake Linden 0-0: Called Strike
0-1: 2-RUN HOME RUN (Flyball, 78XD, EV 101.3 MPH), Distance : 395 ft
Pitching: LHP Domingo Tamayo
Batting: LHB Mike Andreas 0-0: Ball
1-0: Ball
2-0: SINGLE (Flyball, 78S, EV 88.1 MPH)
Batting: RHB Alex Rios 0-0: Ball
1-0: Foul Ball, location: 2F
1-1: Foul Ball, location: 2F
1-2: Strikes out swinging
Bottom of the 5th over - 7 runs, 8 hits, 0 errors, 1 left on base; Toronto 0 - Kansas City 12
TOP OF THE 6TH
Toronto Blue Jays batting - Pitching for Kansas City Royals : RHP Craig Abling
Now in LF: Mike Andreas
Batting: LHB John Slaff 0-0: Ball
1-0: Called Strike
1-1: Ball
2-1: Ball
3-1: SINGLE (Line Drive, 8LS, EV 98.8 MPH)
Pitching: RHP Rick Whitley
Batting: SHB Dennis Desper 0-0: Fly out, F8 (Flyball, 8LD, EV 99.4 MPH)
Batting: LHB Ramon Anguiano 0-0: Called Strike
0-1: Called Strike
0-2: Fielders Choice at 2nd, 3-6 (Groundball, 34S, EV 77.5 MPH)
Batting: LHB Ryan Ricks 0-0: Ball
1-0: Called Strike
1-1: Foul Ball, location: 2F
1-2: Ball
2-2: Ball
3-2: Reached via error on a dropped throw from 1B, E1 (Groundball, 34S, EV 83.1 MPH)
Ramon Anguiano to second
Batting: RHB Brian Jones 0-0: Called Strike
0-1: Ball
1-1: Fly out, F7 (Line Drive, 78M, EV 95.6 MPH)
Top of the 6th over - 0 runs, 1 hit, 1 error, 2 left on base; Toronto 0 - Kansas City 12
BOTTOM OF THE 6TH
Kansas City Royals batting - Pitching for Toronto Blue Jays : LHP Domingo Tamayo
Batting: RHB David Bazley 0-0: Ball
1-0: Ball
2-0: Called Strike
2-1: Ball
3-1: Reached on error, E6 (Groundball, 56, EV 105.0 MPH)
Batting: RHB Tim Kingsley 0-0: Ball
1-0: Ball
2-0: Ball
3-0: Called Strike
3-1: Foul Ball, location: 2F
3-2: Foul Ball, location: 3F
3-2: Foul Ball, location: 2F
3-2: Ground out 5-3 (Groundball, 5, EV 102.5 MPH)
Batting: RHB Kyle Mellecker 0-0: Ball
1-0: Fly out, F8 (Line Drive, 8LD, EV 89.4 MPH)
Batting: RHB Jacob Huckaby 0-0: Ball
1-0: Ground out 6-3 (Groundball, 6, EV 103.8 MPH)
Bottom of the 6th over - 0 runs, 0 hits, 1 error, 1 left on base; Toronto 0 - Kansas City 12
TOP OF THE 7TH
Toronto Blue Jays batting - Pitching for Kansas City Royals : RHP Rick Whitley
Batting: SHB Mark Spalding 0-0: Called Strike
0-1: Swinging Strike
0-2: Strikes out swinging
Batting: SHB Alex Carrillo 0-0: Foul Ball, location: 2F
0-1: Swinging Strike
0-2: Strikes out looking
Batting: LHB Collin Coleman 0-0: DOUBLE (Flyball, 78D, EV 95.0 MPH)
Batting: RHB Greg Whitaker 0-0: Ball
1-0: Called Strike
1-1: Ball
2-1: DOUBLE (Flyball, 89D, EV 110.0 MPH)
Collin Coleman scores
Batting: LHB John Slaff 0-0: Called Strike
0-1: Ball
1-1: Called Strike
1-2: Ball
2-2: Hit by Pitch
Batting: SHB Dennis Desper 0-0: Ball
1-0: Called Strike
1-1: Called Strike
1-2: Ball
2-2: Foul Ball, location: 2F
2-2: Ball
3-2: SINGLE (Line Drive, 89S, EV 101.3 MPH)
Greg Whitaker to third
John Slaff to second
Greg Whitaker scores
John Slaff to third
Pitching: LHP Seth Eaton
Batting: LHB Ramon Anguiano 0-0: Ball
1-0: Ball
2-0: Ball
3-0: Called Strike
3-1: Foul Ball, location: 2F
3-2: Base on Balls
Dennis Desper to second
Batting: LHB Ryan Ricks 0-0: Ball
1-0: Swinging Strike
1-1: DOUBLE (Line Drive, 78XD, EV 110.6 MPH)
John Slaff scores
Dennis Desper scores
Ramon Anguiano to third
Batting: RHB Brian Jones 0-0: SINGLE (Line Drive, 89S, EV 110.6 MPH)
Ramon Anguiano scores
Ryan Ricks to third
Runner from 3rd tries for Home, SAFE, throw by RF to home
Batting: SHB Mark Spalding 0-0: Ball
1-0: Called Strike
Brian Jones steals 2nd base
1-1: Fly out, F7 (Flyball, 7, EV 86.3 MPH)
Top of the 7th over - 6 runs, 5 hits, 0 errors, 1 left on base; Toronto 6 - Kansas City 12
BOTTOM OF THE 7TH
Kansas City Royals batting - Pitching for Toronto Blue Jays : LHP Domingo Tamayo
Batting: LHB Danny Bonilla 0-0: Called Strike
0-1: Ball
1-1: Foul Ball, location: 5F
1-2: Fly out, F7 (Flyball, 7D, EV 101.9 MPH)
Batting: RHB Kevin Stark 0-0: Called Strike
0-1: Ball
1-1: Swinging Strike
1-2: Foul Ball, location: 25F
1-2: Fly out, F8 (Flyball, 8RS, EV 91.9 MPH)
Batting: RHB Blake Linden 0-0: Foul Ball, location: 9LDF
0-1: Ball
1-1: Foul Ball, location: 2RF
1-2: SINGLE (Groundball, 34S, EV 74.4 MPH) (infield hit)
Pitching: RHP Ryan Czarnecki
Batting: LHB Mike Andreas 0-0: Called Strike
0-1: Ball
Blake Linden is caught stealing 2nd base 2-6
Bottom of the 7th over - 0 runs, 1 hit, 0 errors, 0 left on base; Toronto 6 - Kansas City 12
TOP OF THE 8TH
Toronto Blue Jays batting - Pitching for Kansas City Royals : LHP Seth Eaton
Batting: SHB Alex Carrillo 0-0: Called Strike
0-1: Ball
1-1: Foul Ball, location: 7LSFF
1-2: Strikes out swinging
Batting: LHB Collin Coleman 0-0: Ball
1-0: Called Strike
1-1: Ball
2-1: Fly out, F7 (Line Drive, 7S, EV 88.8 MPH)
Batting: RHB Greg Whitaker 0-0: Ball
1-0: Ball
2-0: Ball
3-0: SINGLE (Groundball, 6MD, EV 108.1 MPH)
Pinch Hitting: RHB Danny Daugherty 0-0: Foul Ball, location: 9LSF
0-1: Ball
1-1: Ball
2-1: Ball
3-1: Called Strike
3-2: Base on Balls
Greg Whitaker to second
Pitching: RHP Kevin Terrell
Batting: SHB Dennis Desper 0-0: Called Strike
0-1: 3-RUN HOME RUN (Flyball, 9LD, EV 93.1 MPH), Distance : 348 ft
Batting: LHB Ramon Anguiano 0-0: Fly out, F6 (Popup, 6D, EV 58.1 MPH)
Top of the 8th over - 3 runs, 2 hits, 0 errors, 0 left on base; Toronto 9 - Kansas City 12
BOTTOM OF THE 8TH
Kansas City Royals batting - Pitching for Toronto Blue Jays : RHP Ryan Czarnecki
Now in CF: Danny Daugherty
Batting: LHB Mike Andreas 0-0: Ball
1-0: Ball
2-0: Foul Ball, location: 2F
2-1: Ball
3-1: Fly out, F9 (Line Drive, 9, EV 89.4 MPH)
Batting: RHB Alex Rios 0-0: Called Strike
0-1: Called Strike
0-2: SOLO HOME RUN (Flyball, 78XD, EV 99.4 MPH), Distance : 401 ft
Batting: RHB David Bazley 0-0: DOUBLE (Groundball, 5L, EV 96.9 MPH)
Batting: RHB Tim Kingsley 0-0: Called Strike
0-1: Foul Ball, location: 2F
0-2: Ball
1-2: Ball
2-2: Foul Ball, location: 2F
2-2: Foul Ball, location: 9LSF
2-2: Ball
3-2: SINGLE (Flyball, 89S, EV 91.3 MPH)
David Bazley to third
Batting: RHB Kyle Mellecker 0-0: Ball
1-0: Fly out, F8 (Flyball, 8RXD, EV 109.4 MPH)
Runner from 3rd tags up, SCORES, no throw by CF
Batting: RHB Jacob Huckaby 0-0: Called Strike
0-1: Swinging Strike
0-2: Ball
1-2: Foul Ball, location: 5F
1-2: Ball
2-2: Ball
3-2: Ground out 4-3 (Groundball, 4M, EV 104.4 MPH)
Bottom of the 8th over - 2 runs, 3 hits, 0 errors, 1 left on base; Toronto 9 - Kansas City 14
TOP OF THE 9TH
Toronto Blue Jays batting - Pitching for Kansas City Royals : RHP Kevin Terrell
Batting: LHB Ryan Ricks 0-0: Ball
1-0: Ball
2-0: Foul Ball, location: 7LMF
2-1: Called Strike
2-2: Fly out, F9 (Flyball, 89D, EV 92.5 MPH)
Batting: RHB Brian Jones 0-0: Called Strike
0-1: Ground out 3-1 (Groundball, 34, EV 109.4 MPH)
Batting: SHB Mark Spalding 0-0: Called Strike
0-1: Ball
1-1: Foul Ball, location: 2F
1-2: Strikes out swinging
Top of the 9th over - 0 runs, 0 hits, 0 errors, 0 left on base; Toronto 9 - Kansas City 14
Saturday, April 13th , 2024 - OOTP Baseball 24.11 Build 85